 Dungeon Crawl Stone Soup version 0.30.1-11-g7821555f0a (webtiles) character file.

Game seed: 16904776257739414514

311 H0rd4k the Cutter (level 6, -2/46 HPs)
             Began as a Human Artificer on Dec 18, 2023.
             Slain by Pikel
             ... wielding a +1 whip of flaming
              (4 damage)
             ... on level 4 of the Dungeon.
             The game lasted 00:03:22 (2921 turns).

H0rd4k the Cutter (Human Artificer)                 Turns: 2921, Time: 00:03:23

Health: -2/46      AC: 12    Str: 12    XL:     6   Next: 70%
Magic:  6/6        EV: 12    Int: 13    God:
Gold:   236        SH:  0    Dex: 14    Spells: 5/5 levels left

rFire   . . .        j - +1 dagger (protect)
rCold   . . .        (no shield)
rNeg    . . .        b - +0 leather armour
rPois   .            (no helmet)
rElec   .            (no cloak)
rCorr   .            i - +0 pair of gloves
SInv    .            l - +0 pair of boots
Will    .....        (no amulet)
Stlth   +            (no ring)
HPRegen 0.27/turn    (no ring)
MPRegen 0.10/turn

%: no passive effects
@: under a protective aura
A: no striking features
a: no special abilities


You were on level 4 of the Dungeon.
You visited 1 branch of the dungeon, and saw 4 of its levels.

You collected 236 gold pieces.

Inventory:

Hand Weapons
 j - a +1 dagger of protection (weapon)
Missiles
 u - 4 poisoned darts
Armour
 b - a +0 leather armour (worn)
 i - a +0 pair of gloves (worn)
 l - a +0 pair of boots (worn)
Wands
 c - a wand of flame (2) (quivered)
 d - a wand of charming (11)
 e - a wand of iceblast (2)
 v - a wand of polymorph (25)
Scrolls
 f - 2 scrolls of immolation
 k - 7 scrolls of identify {unknown}
 m - a scroll of poison {unknown}
 n - 2 scrolls of magic mapping {unknown}
 o - a scroll of blinking {unknown}
Potions
 a - a potion of might
 g - 5 potions of curing {unknown}
 h - 2 potions of mutation {unknown}
 p - a potion of brilliance {unknown}
 q - a potion of cancellation {unknown}
 r - a potion of ambrosia {unknown}
 s - a potion of flight {unknown}
 t - a potion of attraction {unknown}


   Skills:
 + Level 2.8 Fighting
 + Level 3.8 Short Blades
 - Level 1.2 Maces & Flails
 - Level 2.0 Armour
 + Level 3.5 Dodging
 - Level 1.0 Stealth
 - Level 3.0 Evocations


You had 5 spell levels left.
You didn't know any spells.
Your spell library contained the following spells:

 Spells                   Type           Power      Damage    Failure   Level
 Necrotise                Necr           0%         1d4       36%         1
 Shock                    Conj/Air       0%         1d3       36%         1
 Frozen Ramparts          Ice            0%         1d1       75%         3
 Swiftness                Air            0%         N/A       75%         3
 Vampiric Draining        Necr           0%         2d6       75%         3
 Airstrike                Air            0%         2d(0-16)  98%         4
 Ice Form                 Ice/Tmut       0%         N/A       98%         4
 Summon Ice Beast         Ice/Summ       0%         N/A       98%         4
 Agony                    Necr           0%         N/A       100%        5


Dungeon Overview and Level Annotations

Branches:
Dungeon (4/15)
 Temple: D:4-7

Altars:
Fedhas
Hepliaklqana
Uskayaw
The Shining One

Annotations:
D:4 Pikel


Message History

Unknown command.
Aiming: Throw Flame
Press: ? - help, Shift-Dir - straight line, f/p - Pikel
Aim: Pikel, wielding a +1 whip of flaming and wearing a +0 robe (severely wounded, strong, 64% to hit)
The puff of flame hits Pikel.
Pikel is severely wounded.
Pikel hits you but does no damage.
Aiming: Throw Flame
Press: ? - help, Shift-Dir - straight line, f/p - Pikel
Aim: Pikel, wielding a +1 whip of flaming and wearing a +0 robe (severely wounded, strong, 64% to hit)
The puff of flame hits Pikel.
Pikel is almost dead.
Pikel hits you with a +1 whip of flaming!
Pikel burns you.
Aiming: Throw Flame
Press: ? - help, Shift-Dir - straight line, f/p - Pikel
Aim: Pikel, wielding a +1 whip of flaming and wearing a +0 robe (almost dead, strong, 64% to hit)
The puff of flame hits Pikel but does no damage.
Pikel is almost dead.
Pikel misses you.
You hit Pikel but do no damage.
Your weapon exudes an aura of protection.
Pikel is almost dead.
You hit Pikel.
Pikel is almost dead.
Pikel closely misses you.
You hit Pikel but do no damage.
Pikel is almost dead.
Pikel hits you with a +1 whip of flaming.
Pikel burns you.
You hit Pikel but do no damage.
Pikel is almost dead.
Pikel hits you with a +1 whip of flaming!
* * * LOW HITPOINT WARNING * * *
Pikel burns you.
* * * LOW HITPOINT WARNING * * *
You hit Pikel but do no damage.
Pikel is almost dead.
Pikel hits you with a +1 whip of flaming.
You die...

#+#.#####.# #.##..........
#.....#...###.##..........
#.....'.......##.........#
#.....##......)..........+
#+#.########...#.....>...#
.. #.'....>.#.#.#..........
....###.##########.....).^..
........###......#...##.####
..........#@♣♣.♣.#.... ..#
#########.K..8.♣.#.#### .###
#.'.♣.8..#.# ... ###.♣.♣♣.#
### #......# ########


You could see Pikel (strong).

Vanquished Creatures
  A kobold brigand (D:4)
  Natasha (thrice) (D:3)
  5 adders
  2 gnolls (D:3)
  4 worms (D:2)
  5 dart slugs
  An orc (D:4)
  8 bats
  5 endoplasms
  A giant cockroach (D:4)
  10 goblins
  9 hobgoblins
  5 jackals
  3 quokkas (D:1)
  3 ball pythons
  4 frilled lizards
  11 kobolds
  6 rats
86 creatures vanquished.

Vanquished Creatures (others)
  A gnoll (D:3)
1 creature vanquished.

Grand Total: 87 creatures vanquished

Notes
Turn   | Place    | Note
-------+----------+-------------------------------------------
     0 | D:1      | H0rd4k the Human Artificer began the quest for the Orb.
     0 | D:1      | Reached XP level 1. HP: 15/15 MP: 1/1
    66 | D:1      | Reached skill level 1 in Maces & Flails
    66 | D:1      | Reached XP level 2. HP: 21/21 MP: 2/2
   480 | D:1      | Reached XP level 3. HP: 27/27 MP: 3/3
  1008 | D:2      | Reached skill level 1 in Short Blades
  1025 | D:2      | Reached XP level 4. HP: 21/33 MP: 4/4
  1351 | D:2      | Found a faded altar of an unknown god.
  1792 | D:3      | Reached XP level 5. HP: 34/38 MP: 5/5
  1995 | D:3      | Found a glowing golden altar of the Shining One.
  2089 | D:3      | Noticed Natasha
  2097 | D:3      | Killed Natasha
  2143 | D:3      | Found a faded altar of an unknown god.
  2147 | D:3      | Found a blossoming altar of Fedhas.
  2201 | D:3      | Noticed Natasha
  2216 | D:3      | Killed Natasha
  2428 | D:3      | Reached XP level 6. HP: 45/46 MP: 6/6
  2606 | D:3      | Noticed Natasha
  2611 | D:3      | Killed Natasha
  2650 | D:3      | Found a hide-covered altar of Uskayaw.
  2713 | D:4      | Found a hazy altar of Hepliaklqana.
  2841 | D:4      | Noticed Pikel
  2920 | D:4      | HP: 2/46 [Pikel/+1 whip of flaming (3)]
  2921 | D:4      | Slain by Pikel

Illustrated notes

Levels and vault maps discovered:
D:1:      onia_arrival_pyramid, layout_loops_ring
D:2:      layout_basic, hellmonk_ecumenical_altar_blasted,
          serial_park_tiny_pond, minmay_fractal_squares_5
D:3:      minmay_inner_zag, layout_rooms, nicolae_overflow_ecumenical_swirl,
          nicolae_uskayaw_suspiria, mainiacjoe_overflow_small_starburst,
          uniq_natasha
D:4:      nicolae_cairo_tiling_large, layout_rooms,
          nicolae_overflow_hidden_temple, mainiacjoe_overflow_surrounded_room,
          kennysheep_generic_room_12, uniq_grinder, uniq_pikel, uniq_sigmund

Skill      XL: |  1  2  3  4  5 |
---------------+----------------+-----
Maces & Flails | 1 |  1.2
Dodging        | 2 3 |  3.5
Short Blades   | 1 2 3 |  3.8
Fighting       | 2 |  2.8
Armour         | |  2.0
Stealth        | |  1.0
Evocations     | |  3.0

Action                     |  1- 3 |  4- 6 || total
---------------------------+-------+-------++-------
  Melee: Club              |    31 |       ||    31
         Dagger            |   155 |   289 ||   444
         Punch             |     1 |     5 ||     6
  Evoke: Wand              |       |    20 ||    20
   Stab: Sleeping          |     1 |     2 ||     3
         Distracted        |       |     1 ||     1
 Armour: Leather armour    |    70 |   128 ||   198
  Dodge: Dodged            |    86 |   174 ||   260
